TOP OF THE 1ST |
Athens Assassins batting - Pitching for Scottsdale Scorpions : LHP Brant Goff
|
Pitching: LHP Brant Goff
|
|
Batting: LHB Milo Glenn
|
0-0: Foul Ball, location: 2F 0-1: Ball 1-1: Ground out 4-3 (Groundball, 4)
|
Batting: RHB Jorge Loanos
|
0-0: Bunt for hit - play at first, batter OUT! 2-3
|
Batting: RHB Roderick Silva
|
0-0: Called Strike 0-1: Swinging Strike 0-2: Ground out 5-3 (Groundball, 5)
|
Top of the 1st over - 0 run(s), 0 hit(s), 0 error(s), 0 left on base; Athens 0 - Scottsdale 0 |
BOTTOM OF THE 1ST |
Scottsdale Scorpions batting - Pitching for Athens Assassins : RHP Jorge Román
|
Pitching: RHP Jorge Román
|
|
Batting: LHB José Garza
|
0-0: Ball 1-0: Ball 2-0: Called Strike 2-1: Swinging Strike 2-2: Ball 3-2: Strikes out swinging
|
Batting: RHB Sergio Domínguez
|
0-0: Called Strike 0-1: Foul Ball, location: 2F 0-2: Ball 1-2: DOUBLE (Flyball, 7LM)
|
Batting: LHB Ernesto Hernández
|
0-0: Called Strike 0-1: Swinging Strike 0-2: Strikes out swinging
|
Batting: LHB Sergio Fernández
|
0-0: Ball 1-0: Ball 2-0: Ball 3-0: Called Strike 3-1: Fly out, F7 (Flyball, 7)
|
Bottom of the 1st over - 0 run(s), 1 hit(s), 0 error(s), 1 left on base; Athens 0 - Scottsdale 0 |
TOP OF THE 2ND |
Athens Assassins batting - Pitching for Scottsdale Scorpions : LHP Brant Goff
|
Batting: RHB Foster Hapgood
|
0-0: Ball 1-0: Ball 2-0: Ball 3-0: Called Strike 3-1: Base on Balls
|
Batting: RHB Jimmy King
|
0-0: Reached on error, E1 (Groundball, 15) Foster Hapgood to second
|
Batting: RHB Fred Hubbard
|
0-0: Ball 1-0: Foul Ball, location: 2F 1-1: Ball 2-1: Ball 3-1: Foul Ball, location: 2F 3-2: Base on Balls Foster Hapgood to third Jimmy King to second
|
Batting: RHB Emílio García
|
0-0: Ball 1-0: Swinging Strike 1-1: SINGLE (Line Drive, 7S) Foster Hapgood scores Jimmy King to third Fred Hubbard to second
|
Batting: RHB Randall Walker
|
0-0: Ball 1-0: Foul Ball, location: 2F 1-1: Called Strike 1-2: Grounds into double play, 5-4-3 (Groundball, 56) Jimmy King scores Fred Hubbard to third
|
Batting: LHB Miguel García
|
0-0: Called Strike 0-1: Ball 1-1: Fly out, F8 (Flyball, 8RM)
|
Top of the 2nd over - 2 run(s), 1 hit(s), 1 error(s), 1 left on base; Athens 2 - Scottsdale 0 |
BOTTOM OF THE 2ND |
Scottsdale Scorpions batting - Pitching for Athens Assassins : RHP Jorge Román
|
Batting: SHB Arnold Moore
|
0-0: Called Strike 0-1: Ball 1-1: Ball 2-1: Ball 3-1: Swinging Strike 3-2: Fly out, F8 (Flyball, 8LS)
|
Batting: RHB Jaime Delgado
|
0-0: Ball 1-0: Bunt for hit - play at first, batter OUT! 1-3
|
Batting: LHB Alberto Roberts
|
0-0: DOUBLE (Line Drive, 7)
|
Batting: RHB Ronald Smith
|
0-0: Ball 1-0: Swinging Strike 1-1: Foul Ball, location: 2F 1-2: Foul Ball, location: 2F 1-2: Strikes out swinging
|
Bottom of the 2nd over - 0 run(s), 1 hit(s), 0 error(s), 1 left on base; Athens 2 - Scottsdale 0 |
TOP OF THE 3RD |
Athens Assassins batting - Pitching for Scottsdale Scorpions : LHP Brant Goff
|
Batting: LHB Milo Glenn
|
0-0: Called Strike 0-1: Swinging Strike 0-2: Strikes out swinging
|
Batting: RHB Jorge Loanos
|
0-0: Ball 1-0: Called Strike 1-1: Ball 2-1: SOLO HOME RUN (Flyball, 7D), Distance : 338 ft
|
Batting: RHB Roderick Silva
|
0-0: Ball 1-0: SINGLE (Line Drive, 8LS)
|
Batting: RHB Foster Hapgood
|
0-0: Ball 1-0: Called Strike 1-1: Called Strike 1-2: Ball 2-2: Ball 3-2: Base on Balls Roderick Silva to second
|
Batting: RHB Jimmy King
|
0-0: Called Strike 0-1: Ball 1-1: Called Strike 1-2: Ball 2-2: Ball 3-2: Strikes out swinging
|
Batting: RHB Fred Hubbard
|
0-0: Ball 1-0: Ball 2-0: Fielders Choice at 2nd, 5-4 (Groundball, 56)
|
Top of the 3rd over - 1 run(s), 2 hit(s), 0 error(s), 1 left on base; Athens 3 - Scottsdale 0 |
BOTTOM OF THE 3RD |
Scottsdale Scorpions batting - Pitching for Athens Assassins : RHP Jorge Román
|
Batting: RHB Robinson Fernández
|
0-0: Ball 1-0: Foul Ball, location: 2F 1-1: Ball 2-1: SINGLE (Groundball, 3D)
|
Batting: LHB José Garza
|
0-0: Called Strike 0-1: Foul Ball, location: 2F 0-2: Ball 1-2: Foul Ball, location: 2F 1-2: Foul Ball, location: 2F 1-2: Foul Ball, location: 2F 1-2: SINGLE (Groundball, 4MD) Robinson Fernández to second Robinson Fernández to third
|
Batting: RHB Sergio Domínguez
|
0-0: Foul Ball, location: 2F 0-1: Called Strike 0-2: Strikes out swinging
|
Batting: LHB Ernesto Hernández
|
0-0: Called Strike 0-1: Called Strike 0-2: Strikes out swinging José Garza steals 2nd base Batter strikes out.
|
Batting: LHB Sergio Fernández
|
0-0: Ball 1-0: Foul Ball, location: 2F 1-1: Ball 2-1: Foul Ball, location: 2F 2-2: Strikes out swinging
|
Bottom of the 3rd over - 0 run(s), 2 hit(s), 0 error(s), 2 left on base; Athens 3 - Scottsdale 0 |
TOP OF THE 4TH |
Athens Assassins batting - Pitching for Scottsdale Scorpions : LHP Brant Goff
|
Batting: RHB Emílio García
|
0-0: Fly out, F8 (Flyball, 89M)
|
Batting: RHB Randall Walker
|
0-0: Foul Ball, location: 2F 0-1: Fly out, F8 (Flyball, 8RM)
|
Batting: LHB Miguel García
|
0-0: SINGLE (Groundball, 4MD)
|
Batting: LHB Milo Glenn
|
0-0: Ball 1-0: Ball 2-0: Foul Ball, location: 2F 2-1: Ball 3-1: Base on Balls Miguel García to second
|
Batting: RHB Jorge Loanos
|
0-0: Fielders Choice at 2nd, 6-4 (Groundball, 6)
|
Top of the 4th over - 0 run(s), 1 hit(s), 0 error(s), 1 left on base; Athens 3 - Scottsdale 0 |
BOTTOM OF THE 4TH |
Scottsdale Scorpions batting - Pitching for Athens Assassins : RHP Jorge Román
|
Batting: SHB Arnold Moore
|
0-0: Called Strike 0-1: Hit by Pitch
|
Batting: RHB Jaime Delgado
|
0-0: Called Strike 0-1: Ball 1-1: SINGLE (Groundball, 34D) Arnold Moore to second Runner from 2nd tries for 3rd, SAFE, throw made to third Jaime Delgado to second
|
Batting: LHB Alberto Roberts
|
0-0: Called Strike 0-1: Swinging Strike 0-2: Ball 1-2: Ball 2-2: Strikes out looking
|
Batting: RHB Ronald Smith
|
0-0: Ground out 6-3 (Groundball, 56) Arnold Moore scores
|
Batting: RHB Robinson Fernández
|
0-0: Ground out 1-3 (Groundball, 15S)
|
Bottom of the 4th over - 1 run(s), 1 hit(s), 0 error(s), 1 left on base; Athens 3 - Scottsdale 1 |
TOP OF THE 5TH |
Athens Assassins batting - Pitching for Scottsdale Scorpions : LHP Brant Goff
|
Batting: RHB Roderick Silva
|
0-0: Called Strike 0-1: Swinging Strike 0-2: Ball 1-2: Foul Ball, location: 2F 1-2: Ball 2-2: Ball 3-2: Base on Balls
|
Batting: RHB Foster Hapgood
|
0-0: Grounds into double play, 4-6-3 (Groundball, 4)
|
Batting: RHB Jimmy King
|
0-0: Ball 1-0: Ball 2-0: SINGLE (Groundball, 56D)
|
Batting: RHB Fred Hubbard
|
0-0: Hit by Pitch Jimmy King to second
|
Batting: RHB Emílio García
|
0-0: Fielders Choice at 2nd, 4-6 (Groundball, 4)
|
Top of the 5th over - 0 run(s), 1 hit(s), 0 error(s), 1 left on base; Athens 3 - Scottsdale 1 |
BOTTOM OF THE 5TH |
Scottsdale Scorpions batting - Pitching for Athens Assassins : RHP Jorge Román
|
Batting: LHB José Garza
|
0-0: Ball 1-0: Ball 2-0: Foul Ball, location: 2F 2-1: Ground out 4-3 (Groundball, 4)
|
Batting: RHB Sergio Domínguez
|
0-0: Ball 1-0: Ball 2-0: Foul Ball, location: 2F 2-1: Ball 3-1: Foul Ball, location: 2F 3-2: Base on Balls
|
Batting: LHB Ernesto Hernández
|
0-0: Swinging Strike 0-1: Foul Ball, location: 2F 0-2: Ball 1-2: Hit by Pitch Sergio Domínguez to second
|
Batting: LHB Sergio Fernández
|
0-0: Ball 1-0: Called Strike 1-1: Ball 2-1: Ball 3-1: Base on Balls Sergio Domínguez to third Ernesto Hernández to second
|
Pitching: RHP Cisco López
|
|
Batting: SHB Arnold Moore
|
0-0: GRAND SLAM HOME RUN (Flyball, 9LD), Distance : 311 ft
|
Batting: RHB Jaime Delgado
|
0-0: Ball 1-0: Foul Ball, location: 2F 1-1: Fly out, F9 (Flyball, 9)
|
Batting: LHB Alberto Roberts
|
0-0: Ball 1-0: SINGLE (Groundball, 4MD)
|
Batting: RHB Ronald Smith
|
0-0: DOUBLE (Flyball, 9LM) Alberto Roberts to third Runner from 3rd tries for Home, SAFE, no throw
|
Batting: RHB Robinson Fernández
|
0-0: Foul Ball, location: 2F 0-1: Ball 1-1: Swinging Strike 1-2: Ball 2-2: Ball 3-2: Base on Balls
|
Batting: LHB José Garza
|
0-0: Fielders Choice at 2nd, U6 (Groundball, 6M)
|
Bottom of the 5th over - 5 run(s), 3 hit(s), 0 error(s), 2 left on base; Athens 3 - Scottsdale 6 |
TOP OF THE 6TH |
Athens Assassins batting - Pitching for Scottsdale Scorpions : LHP Brant Goff
|
Batting: RHB Randall Walker
|
0-0: Called Strike 0-1: Ball 1-1: Ball 2-1: Ball 3-1: Ground out 6-3 (Groundball, 56)
|
Batting: LHB Miguel García
|
0-0: Ball 1-0: Called Strike 1-1: Ball 2-1: Called Strike 2-2: Strikes out swinging
|
Batting: LHB Milo Glenn
|
0-0: Called Strike 0-1: Foul Ball, location: 2F 0-2: Ball 1-2: Foul Ball, location: 2F 1-2: Foul Ball, location: 2F 1-2: Ball 2-2: SINGLE (Groundball, 34D)
|
Pitching: RHP Alejandro Guzmán
|
|
Batting: RHB Jorge Loanos
|
0-0: Ball 1-0: Foul Ball, location: 2F 1-1: Foul Ball, location: 2F 1-2: Foul Ball, location: 2F 1-2: Ball 2-2: SINGLE (Line Drive, 6M) Milo Glenn to second Runner from 2nd tries for 3rd, SAFE, throw made to third
|
Batting: RHB Roderick Silva
|
0-0: Ball 1-0: Ball 2-0: Called Strike 2-1: Fly out, F8 (Flyball, 8RM)
|
Top of the 6th over - 0 run(s), 2 hit(s), 0 error(s), 2 left on base; Athens 3 - Scottsdale 6 |
BOTTOM OF THE 6TH |
Scottsdale Scorpions batting - Pitching for Athens Assassins : RHP Cisco López
|
Batting: RHB Sergio Domínguez
|
0-0: Ball 1-0: Ball 2-0: Ball 3-0: Base on Balls
|
Batting: LHB Ernesto Hernández
|
0-0: Ground out 4-3 (Groundball, 34) Sergio Domínguez to second
|
Batting: LHB Sergio Fernández
|
0-0: Foul Ball, location: 2F 0-1: Ball 1-1: Called Strike 1-2: Ball 2-2: Ball 3-2: Foul Ball, location: 2F 3-2: Foul Ball, location: 2F 3-2: Foul Ball, location: 2F 3-2: Base on Balls
|
Batting: SHB Arnold Moore
|
0-0: Called Strike 0-1: SINGLE (Line Drive, 34D) Sergio Domínguez to third Sergio Fernández to second
|
Batting: RHB Jaime Delgado
|
0-0: Called Strike 0-1: Fly out, F9 (Flyball, 9LM) Runner from 3rd tags up, SCORES, throw made
|
Pitching: RHP José Moreno
|
|
Batting: LHB Alberto Roberts
|
0-0: Swinging Strike 0-1: Swinging Strike 0-2: Foul Ball, location: 2F 0-2: Ball 1-2: Ball 2-2: Ball 3-2: Strikes out swinging
|
Bottom of the 6th over - 1 run(s), 1 hit(s), 0 error(s), 2 left on base; Athens 3 - Scottsdale 7 |
TOP OF THE 7TH |
Athens Assassins batting - Pitching for Scottsdale Scorpions : RHP Alejandro Guzmán
|
Batting: RHB Foster Hapgood
|
0-0: Called Strike 0-1: Ball 1-1: Ball 2-1: Foul Ball, location: 2F 2-2: Foul Ball, location: 2F 2-2: Ball 3-2: Foul Ball, location: 2F 3-2: Strikes out looking
|
Batting: RHB Jimmy King
|
0-0: Foul Ball, location: 2F 0-1: Ball 1-1: Fly out, F9 (Flyball, 9LMF)
|
Batting: RHB Fred Hubbard
|
0-0: Ball 1-0: Called Strike 1-1: Called Strike 1-2: Strikes out swinging
|
Top of the 7th over - 0 run(s), 0 hit(s), 0 error(s), 0 left on base; Athens 3 - Scottsdale 7 |
BOTTOM OF THE 7TH |
Scottsdale Scorpions batting - Pitching for Athens Assassins : RHP José Moreno
|
Batting: RHB Ronald Smith
|
0-0: Ball 1-0: Called Strike 1-1: Foul Ball, location: 2F 1-2: Strikes out swinging
|
Batting: RHB Robinson Fernández
|
0-0: Ground out U3 (Groundball, 34S)
|
|
|
Batting: LHB José Garza
|
0-0: Ball 1-0: Ball 2-0: Foul Ball, location: 2F 2-1: Ball 3-1: Base on Balls
|
Batting: RHB Sergio Domínguez
|
0-0: Ball 1-0: Ball 2-0: Called Strike 2-1: Ball 3-1: Base on Balls José Garza to second
|
Pitching: LHP António Yan
|
|
Batting: LHB Ernesto Hernández
|
0-0: Called Strike 0-1: Fielders Choice at 2nd, 6-4 (Groundball, 6)
|
Bottom of the 7th over - 0 run(s), 0 hit(s), 0 error(s), 1 left on base; Athens 3 - Scottsdale 7 |
TOP OF THE 8TH |
Athens Assassins batting - Pitching for Scottsdale Scorpions : RHP Alejandro Guzmán
|
Batting: RHB Emílio García
|
0-0: Swinging Strike 0-1: Ball 1-1: Foul Ball, location: 2F 1-2: Foul Ball, location: 2F 1-2: Hit by Pitch
|
Batting: RHB Randall Walker
|
0-0: Ball 1-0: Swinging Strike 1-1: Ball 2-1: Swinging Strike 2-2: Strikes out swinging
|
Batting: LHB Miguel García
|
0-0: Ball 1-0: Ball 2-0: Fly out, F7 (Flyball, 78S)
|
Batting: LHB Milo Glenn
|
0-0: Swinging Strike 0-1: Called Strike 0-2: Ball 1-2: Foul Ball, location: 2F 1-2: Ball 2-2: Strikes out swinging
|
Top of the 8th over - 0 run(s), 0 hit(s), 0 error(s), 1 left on base; Athens 3 - Scottsdale 7 |
BOTTOM OF THE 8TH |
Scottsdale Scorpions batting - Pitching for Athens Assassins : LHP António Yan
|
Pitching: RHP José Arévalo
|
|
Batting: LHB Sergio Fernández
|
0-0: SOLO HOME RUN (Flyball, 8RXD), Distance : 390 ft
|
Batting: SHB Arnold Moore
|
0-0: Ball 1-0: DOUBLE (Line Drive, 9LM)
|
Batting: RHB Jaime Delgado
|
0-0: Swinging Strike 0-1: Called Strike 0-2: Ball 1-2: Ground out 4-3 (Groundball, 4) Arnold Moore to third
|
Batting: LHB Alberto Roberts
|
0-0: Ball 1-0: Ball 2-0: Ball 3-0: Base on Balls
|
Batting: RHB Ronald Smith
|
0-0: Ball 1-0: Ball 2-0: Grounds into double play, 5-4-3 (Groundball, 56)
|
Bottom of the 8th over - 1 run(s), 2 hit(s), 0 error(s), 1 left on base; Athens 3 - Scottsdale 8 |
TOP OF THE 9TH |
Athens Assassins batting - Pitching for Scottsdale Scorpions : RHP Alejandro Guzmán
|
Batting: RHB Jorge Loanos
|
0-0: Ball 1-0: Ball 2-0: Ball 3-0: Called Strike 3-1: Foul Ball, location: 2F 3-2: Strikes out swinging
|
Pitching: RHP Martin Miller
|
|
Batting: RHB Roderick Silva
|
0-0: Swinging Strike 0-1: Swinging Strike 0-2: Ball 1-2: Foul Ball, location: 2F 1-2: Strikes out swinging
|
Batting: RHB Foster Hapgood
|
0-0: Swinging Strike 0-1: Ball 1-1: Swinging Strike 1-2: Ball 2-2: Strikes out swinging
|
Top of the 9th over - 0 run(s), 0 hit(s), 0 error(s), 0 left on base; Athens 3 - Scottsdale 8 |
|
Thursday, March 30th, 2017 - OOTP Baseball 17.12 Build 75
|
|